Map: Remanso LE

Players

IagoAbreu - Winner!

  • Race: Protoss Protoss
  • League: Silver
  • Spawn Location: 5:00

Paulito

  • Race: Terran Terran
  • League: Silver
  • Spawn Location: 11:00

VOD

Have the link to the VOD?

Description

Time

  • Played on: March 9, 2018, 10:19 a.m.
  • Length: 10:27
Show
View Real Time Build Order
Export as new Build Order

IagoAbreu Protoss - Winner!

Build Orders: Mass Adepts 

Get SALT Encoding   

  12  0:02  Probe (Chrono Boost)  
  13  0:11  Probe (Chrono Boost)  
  14  0:19  Pylon  
  14  0:39  Assimilator  
  14  0:45  Probe  
  16  0:57  Probe  
  16  1:00  Pylon  
  16  1:16  Forge  
  16  1:21  Gateway  
  16  1:27  Gateway  
  16  1:31  Probe (Chrono Boost)  
  17  1:37  Assimilator  
  18  1:40  Probe (Chrono Boost)  
  18  1:56  Gateway  
  18  2:10  Cybernetics Core  
  18  2:15  Photon Cannon  
  18  2:24  Probe (Chrono Boost)  
  19  2:33  Probe (Chrono Boost)  
  20  2:38  Pylon, Probe (Chrono Boost)  
  21  2:48  Adept  
  25  2:51  Adept  
  25  2:58  Probe  
  26  3:09  Adept (Chrono Boost)  
  26  3:10  Probe  
  29  3:20  Adept (Chrono Boost)  
  33  3:36  Adept (Chrono Boost)  
  33  3:50  Pylon  
  33  3:52  Pylon  
  33  4:00  Gateway  
  33  4:02  Gateway  
  31  4:41  Adept (Chrono Boost)  
  37  4:49  Adept x2 (Chrono Boost)  
  41  4:53  Adept (Chrono Boost)  
  41  4:54  Adept (Chrono Boost)  
  39  5:13  Adept x3  
  39  5:15  Adept  
  39  5:17  Adept  
  39  5:40  Adept x2  
  43  5:55  Adept x2  
  47  6:04  Pylon  
  47  6:05  Pylon  
  47  6:11  Stargate  
  47  6:12  Stargate  
  47  6:22  Adept  
  49  6:29  Stargate  
  49  6:32  Stargate  
  49  6:45  Adept  
  49  6:46  Adept x3  
  57  6:49  Adept  
  59  6:56  Pylon  
  59  7:03  Pylon  
  59  7:18  Void Ray (Chrono Boost)  
  63  7:27  Void Ray (Chrono Boost)  
  71  7:59  Void Ray (Chrono Boost)  
  71  8:02  Void Ray (Chrono Boost)  
  41  8:41  Void Ray (Chrono Boost)  
  41  8:50  Void Ray (Chrono Boost)  
  41  9:10  Nexus  
Show
View Real Time Build Order
Export as new Build Order

Paulito Terran 

Build Orders:  

Get SALT Encoding   

  12  0:02  SCV  
  13  0:14  SCV  
  14  0:26  Supply Depot  
  14  0:30  SCV  
  14  0:33  Supply Depot  
  15  0:52  Barracks  
  15  0:58  SCV  
  16  1:10  SCV  
  17  1:12  Refinery  
  17  1:22  SCV  
  18  1:34  SCV, Refinery  
  19  1:41  Barracks  
  19  1:46  SCV  
  20  1:57  Marine  
  20  1:58  SCV  
  22  2:14  Marine  
  23  2:26  SCV  
  24  2:30  Marine  
  24  2:32  Marine  
  26  2:38  SCV  
  27  2:48  Marine  
  27  2:50  Marine, SCV  
  30  3:03  SCV, Factory  
  31  3:08  Engineering Bay  
  31  3:37  Bunker  
  31  3:49  Factory Tech Lab  
  31  4:00  Supply Depot  
  31  4:02  Supply Depot  
  31  4:03  Supply Depot  
  31  4:07  Supply Depot  
  31  4:08  Bunker  
  31  4:10  Supply Depot  
  31  4:11  Supply Depot  
  31  4:13  Marine  
  31  4:14  Marine  
  31  4:19  SCV  
  31  4:22  Siege Tank  
  32  4:31  Marine x2  
  25  4:49  Marine x2  
  25  4:50  Planetary Fortress  
  18  5:06  Marine  
  17  5:07  Marine  
  19  5:24  Marine  
  19  5:25  Marine  
  21  5:31  Siege Tank  
  24  5:42  Marine  
  25  5:43  Marine  
  26  5:56  SCV  
  27  6:00  Marine  
  27  6:01  Reaper  
  29  6:18  Reaper, SCV  
  31  6:30  SCV  
  32  6:33  Reaper  
  33  6:49  Missile Turret  
  33  7:43  SCV  
  34  7:55  SCV  
  35  8:07  SCV  
  36  8:18  Starport  
  36  8:19  SCV  
  32  8:31  SCV  
  32  8:56  Starport  
  32  9:42  Missile Turret  
  16  10:06  Marine  
  17  10:07  Marine  
  17  10:09  Missile Turret  
Tags
 
Composition
Mass Adepts
Matchup
PvT
Spawn Locations
Cross Positions
Add a new tag
Caveats
  • Supply blocks, unpowered buildings, or Contaminate may cause inaccurate times.
  • Supply counts are checked every 10 seconds.